 Dungeon Crawl Stone Soup version 0.26-a0-613-g4f23886233 (webtiles) character file.

Game seed: 2903885555768893660

175063 Peloso the Fencer (level 17, -14/145 HPs)
             Began as a Demonspawn Fighter on Sept 11, 2020.
             Was the Champion of Okawaru.
             Killed from afar by a deep elf annihilator (24 damage)
             ... with a poison arrow
             ... on level 3 of the Elven Halls.
             The game lasted 01:42:14 (37037 turns).

Peloso the Fencer (Demonspawn Fighter)             Turns: 37037, Time: 01:42:15

Health: -14/145    AC: 32    Str: 28    XL:     17   Next: 46%
Magic:  18/18      EV: 13    Int: 12    God:    Okawaru [******]
Gold:   507        SH: 24    Dex: 25    Spells: 16/16 levels left

rFire    + . .     SeeInvis +   a - +9 scimitar "Ynolakok" {speed, Dex+3}
rCold    . . .     Faith    +   c - +2 tower shield {rN+}
rNeg     + . .     Spirit   .   r - +9 plate armour of Okawaru's Reproof {*Corrode MR+ Dex+7}
rPois    .         Reflect  .   u - +2 helmet {Int+3}
rElec    .         Harm     .   J - scarf {shadows}
rCorr    .                      S - +2 pair of gloves of Absolutism {rF+ SInv Stlth+}
MR       +++..                  (boots unavailable)
Stlth    ..........             Q - amulet of faith
HPRegen  0.34/turn              m - +6 ring of strength
MPRegen  0.16/turn              N - ring of protection from magic

@: lethally poisoned (-14 -> -51)
A: hooves 3, rugged brown scales 2, demonic guardian 1, spiny 3
a: Heroism, Finesse, Renounce Religion


You were on level 3 of the Elven Halls.
You worshipped Okawaru.
Okawaru was exalted by your worship.
You visited 4 branches of the dungeon, and saw 26 of its levels.
You also visited: Ossuary and Ice Cave.

You collected 3878 gold pieces.
You spent 3371 gold pieces at shops.

Inventory:

Hand Weapons
 a - the +9 scimitar "Ynolakok" (weapon) {speed, Dex+3}
   (Okawaru gifted it to you on level 2 of the Lair of Beasts)

   Attacks with this weapon are significantly faster.
   It affects your dexterity (+3).
 b - a +3 scimitar of flaming
 k - the +6 quarterstaff of Hoakheis {protect, rPois, unknown}
   (You found it on level 6 of the Lair of Beasts)

   It grants its wielder temporary protection when it strikes (+7 to AC).
   It protects you from poison.
Armour
 c - a +2 tower shield of positive energy (worn)
 r - the +9 plate armour of Okawaru's Reproof (worn) {*Corrode MR+ Dex+7}
   (Okawaru gifted it to you on level 15 of the Dungeon)

   It affects your dexterity (+7).
   It affects your resistance to hostile enchantments.
   It may corrode you when you take damage.
 u - a +2 helmet of intelligence (worn)
 J - a scarf of shadows (worn)
 S - the +2 pair of gloves of Absolutism (worn) {rF+ SInv Stlth+}
   (Okawaru gifted it to you on level 3 of the Elven Halls)

   It protects you from fire.
   It lets you see invisible.
   It makes you more stealthy.
 X - a +1 pair of gloves of archery
Jewellery
 m - a +6 ring of strength (left hand)
 q - an uncursed ring of see invisible
 C - a +6 ring of dexterity
 G - an uncursed ring of fire {unknown}
 I - an uncursed ring of poison resistance
 K - an uncursed ring of protection from cold
 N - a ring of protection from magic (right hand)
 O - an uncursed ring of flight {unknown}
 P - an uncursed ring of protection from fire
 Q - an amulet of faith (around neck)
 U - an uncursed amulet of the acrobat {unknown}
Wands
 d - a wand of digging (6)
 j - a wand of random effects (40)
 v - a wand of acid (8)
 y - a wand of enslavement (13)
 W - a wand of polymorph (18)
Scrolls
 g - 3 scrolls of identify
 h - 4 scrolls of immolation
 i - 20 scrolls of remove curse
 o - a scroll of enchant armour
 p - 2 scrolls of amnesia
 s - a scroll of enchant weapon
 t - 14 scrolls of teleportation
 w - 5 scrolls of noise
 D - 5 scrolls of magic mapping
 H - 9 scrolls of fog
 M - a scroll of acquirement
 R - a scroll of blinking
 T - 2 scrolls of fear
 Y - a scroll of brand weapon
Potions
 e - 5 potions of stabbing
 f - a potion of heal wounds
 l - 3 potions of cancellation
 n - 4 potions of flight
 x - a potion of haste
 z - 7 potions of curing
 A - 13 potions of might
 B - a potion of resistance
 E - 4 potions of mutation
 F - a potion of ambrosia
 L - a potion of berserk rage {unknown}
 V - 2 potions of magic {unknown}


   Skills:
 + Level 14.2 Fighting
 + Level 16.0 Long Blades
   Level 0.6 Maces & Flails
 + Level 10.9 Armour
 + Level 9.2 Dodging
 + Level 6.7 Stealth
 + Level 14.4 Shields
 + Level 2.3 Invocations
 + Level 2.4 Evocations


You had 16 spell levels left.
You didn't know any spells.
Your spell library contained the following spells:

 Spells                   Type           Power        Failure   Level
 Foxfire                  Conj/Fire      #...         100%        1
 Magic Dart               Conj           #...         100%        1
 Sting                    Tmut/Pois      #...         100%        1
 Summon Small Mammal      Summ           #...         100%        1
 Blink                    Tloc           N/A          100%        2
 Call Imp                 Summ           #.......     100%        2
 Poisonous Vapours        Pois/Air       #.....       100%        2
 Slow                     Hex            #.......     100%        2
 Call Canine Familiar     Summ           #.......     100%        3
 Confusing Touch          Hex            #.......     100%        3
 Conjure Flame            Conj/Fire      #.......     100%        3
 Gell's Gravitas          Tloc           #.........   100%        3
 Ignite Poison            Fire/Tmut/Pois #.......     100%        3
 Inner Flame              Hex/Fire       #.......     100%        3
 Mephitic Cloud           Conj/Pois/Air  #.......     100%        3
 Summon Guardian Golem    Hex/Summ       #.......     100%        3
 Fulminant Prism          Conj/Hex       #.........   100%        4
 Olgreb's Toxic Radiance  Pois           #.......     100%        4
 Petrify                  Tmut/Erth      #.......     100%        4
 Sticky Flame             Conj/Fire      #.......     100%        4
 Summon Ice Beast         Ice/Summ       #.......     100%        4
 Summon Lightning Spire   Summ/Air       #.......     100%        4
 Fireball                 Conj/Fire      #.........   100%        5
 Irradiate                Conj/Tmut      #.........   100%        5
 Metabolic Englaciation   Hex/Ice        #.........   100%        5
 Yara's Violent Unravell  Hex/Tmut       #.........   100%        5
 Hydra Form               Tmut           #.........   100%        6
 Statue Form              Tmut/Erth      #........    100%        6
 Dragon Form              Tmut           #.........   100%        7
 Dragon's Call            Summ           #.........   100%        9


Dungeon Overview and Level Annotations

Branches:
Dungeon (15/15)            Temple (0/1) D:4            Lair (6/6) D:10
 Shoals (0/4) Lair:4        Snake (0/4) Lair:2        Slime (0/5) Lair:5
    Orc (2/2) D:11            Elf (3/3) Orc:2        Vaults (0/5) D:13
 Depths (0/5) D:15        Ossuary (visited)           IceCv (visited)

Altars:
Dithmenos
Elyvilon
Fedhas
Hepliaklqana
Nemelex Xobeh
Okawaru
Ru
Sif Muna
Trog
Vehumet
Xom
Zin
The Shining One
Jiyva

Shops:
D:9 *!=   D:11 *   Orc:2 ?!=[   Elf:3 *[*

Annotations:
Lair:1 exclusion: oklob plant
Elf:2 3 runed translucent doors


Innate Abilities, Weirdness & Mutations

You have hooves in place of feet.
You are mostly covered in rugged brown scales. (AC +2, +5% HP)
A weak demonic guardian rushes to your aid.
You are completely covered in sharp spines.


Message History

You block the earth elemental's attack.
Things that are here:
a +3 scythe of venom; a +0 ring mail; an elf corpse Unknown command.
You swap places.
You feel sick.
The deep elf annihilator gestures at you while chanting.
The poison arrow hits you!!!
You are more poisoned.
* * * LOW HITPOINT WARNING * * *
* * * LOW HITPOINT WARNING * * *
You feel sick.
You block the deep elf annihilator's attack.
You slash the deep elf annihilator! You kick the deep elf annihilator!
The deep elf annihilator is moderately wounded.
* * * LOW HITPOINT WARNING * * *
You feel sick.
The deep elf annihilator casts a spell at you.
The poison arrow hits you!!
You are more poisoned.
You die...

##5## #..## #..####
##(## ##....## #..#
#.).#..# ##.##
#.E###)# #(.#
E).#..##########)##
#.##..E.....#..()#
#.####5.)###...###
#...e@.).)..)...##
########.....P)..#
###......##
#....'##
#..##.#####
#####.##.. #####
##'... ##...##
##.... ##.....##
#(....


You could see a deep elf annihilator, an earth elemental and a friendly shadow
imp (summoned).

Vanquished Creatures
  Roxanne (Elf:3)
  2 deep elf sorcerers
  A deep elf elementalist (Elf:3)
  The ghost of fly the Champion of Chaos, a journeyman TrDe of Makhleb (Orc:2)
  3 stone giants
  The ghost of nojaa the Severer, a journeyman HOAK of Lugonu (Lair:5)
  3 deep elf annihilators (Elf:3)
  4 deep elf demonologists (Elf:3)
  Nessos (Orc:2)
  A merfolk javelineer (Lair:6)
  A yaktaur captain (D:15)
  4 deep elf high priests
  A fire dragon (Lair:6)
  4 vault guards (D:13)
  4 hydras
  3 ice dragons
  A rakshasa (D:15)
  3 catoblepae
  9 centaur warriors
  8 dancing weapons
  5 death yaks
  6 two-headed ogres
  An ogre mage (D:15)
  An orc high priest (Elf:2)
  13 deep elf knights
  Nergalle (Lair:4)
  A fire crab (shapeshifter) (Elf:3)
  7 unseen horrors
  5 skeletal warriors
  A swamp dragon (Lair:6)
  A wizard (D:14)
  An orange crystal statue (Elf:3)
  A lindwurm (Lair:4)
  Pikel (D:5)
  15 deep elf archers
  5 orc knights
  A wolf spider (shapeshifter) (Elf:2)
  16 ugly things (D:15)
  An orc sorcerer (Orc:2)
  3 cyclopes
  A wolf spider (Lair:6)
  70 deep elf magi
  A merfolk siren (Lair:4)
  5 elephants (Lair:6)
  Maurice (D:11)
  2 moths of wrath (Orc:2)
  10 black mambas
  2 guardian serpents
  2 ice statues (IceCv)
  21 cane toads
  A gargoyle (D:15)
  7 centaur skeletons
  An efreet (D:15)
  5 rime drakes
  5 komodo dragons
  A kobold demonologist (D:15)
  2 merfolk (Lair:6)
  7 trolls
  2 polar bears
  Prince Ribbit (D:8)
  6 hornets
  2 tengu conjurers (D:15)
  A slime creature (shapeshifter) (Elf:1)
  2 slime creatures
  4 dream sheep (Lair:6)
  11 blink frogs
  2 meliai zombies
  3 hippogriffs
  4 shadows
  A wraith (D:14)
  10 wyverns
  43 yaks
  3 redbacks (Lair:6)
  An air elemental (Elf:3)
  4 water elementals
  5 basilisks
  3 fire elementals (Elf:2)
  2 steam dragons
  5 vampire mosquitoes (D:14)
  Menkaure (D:5)
  8 wargs
  3 acid dragons
  12 porcupines
  3 soldier ants
  25 water moccasins
  A hornet zombie (D:15)
  5 swamp drakes (Lair:6)
  16 ice beasts
  42 orc warriors
  A black bear (D:6)
  A necrophage (D:15)
  5 sky beasts
  11 ogres
  3 phantoms
  14 wolves
  A lemure (D:5)
  21 centaurs
  28 crocodiles
  3 big kobolds
  12 bullfrogs
  3 earth elementals (Elf:2)
  4 scorpions
  3 troll zombies (D:11)
  13 killer bees
  15 wights
  An electric eel (Lair:3)
  A bullfrog zombie (D:10)
  4 centaur zombies
  A quasit (D:11)
  19 orc priests
  5 bullfrog skeletons
  A gnoll shaman (D:9)
  7 hounds
  An iron imp (D:6)
  34 orc wizards
  14 iguanas
  Terence (D:1)
  6 worker ants
  9 big kobold zombies (Ossuary)
  4 ogre zombies (D:11)
  A hound skeleton (D:8)
  A mummy (Ossuary)
  A worker ant zombie (D:5)
  11 gnolls
  12 adders
  A shadow imp (D:6)
  2 white imps
  2 oozes
  An adder skeleton (D:4)
  A dart slug (D:1)
  11 leopard geckos
  80 orcs
  6 spectral bats (Ossuary)
  9 bats
  4 giant cockroaches
  5 goblins
  6 hobgoblins
  16 jackals
  18 kobolds
  7 quokkas
  3 bat simulacra (Ossuary)
  17 frilled lizards
  3 gnoll zombies (Ossuary)
  5 goblin simulacra (Ossuary)
  A goblin skeleton (D:6)
  7 goblin zombies
  10 hobgoblin zombies
  2 kobold simulacra (Ossuary)
  4 kobold skeletons (D:6)
  4 kobold zombies (Ossuary)
  A leopard gecko skeleton (D:5)
  3 orc skeletons (D:11)
  21 orc zombies
  3 rats
  4 rat simulacra (Ossuary)
  2 spectral goblins (Ossuary)
  4 spectral kobolds (Ossuary)
  3 spectral rats (Ossuary)
1055 creatures vanquished.

Vanquished Creatures (collateral kills)
  A hydra (D:11)
  A catoblepas (D:13)
  A dancing weapon (Elf:2)
  3 death yaks
  A manticore (D:15)
  3 centaur skeletons
  A komodo dragon (Lair:2)
  A blink frog (Lair:1)
  A troll (D:15)
  2 dream sheep (Lair:6)
  A steam dragon (D:12)
  A water moccasin (Lair:6)
  An ice beast (IceCv)
  3 orc warriors
  4 centaurs
  2 wolves
  A troll zombie (D:11)
  A wight (D:12)
  2 orc wizards
  8 orcs
  A hobgoblin zombie (D:11)
  An orc zombie (D:11)
41 creatures vanquished.

Vanquished Creatures (others)
  An orc wizard (Orc:2)
  An orc (Orc:1)
  A bush (D:9)
  31 fungi
  89 plants
123 creatures vanquished.

Grand Total: 1219 creatures vanquished

Notes
Turn   | Place    | Note
-------+----------+-------------------------------------------
     0 | D:1      | Peloso the Demonspawn Fighter began the quest for the Orb.
     0 | D:1      | Reached XP level 1. HP: 18/18 MP: 1/1
   321 | D:1      | Gained mutation: You are partially covered in sharp spines.
                  | [demonic ancestry]
   321 | D:1      | Reached XP level 2. HP: 24/24 MP: 2/2
   497 | D:1      | Reached skill level 2 in Long Blades
   629 | D:2      | Noticed Terence
   646 | D:1      | Killed Terence
   646 | D:1      | Reached XP level 3. HP: 10/29 MP: 3/3
  1021 | D:2      | Found a white marble altar of Elyvilon.
  1119 | D:2      | Found an iron altar of Okawaru.
  1125 | D:2      | Found a sparkling altar of Nemelex Xobeh.
  1127 | D:2      | Became a worshipper of Warmaster Okawaru
  1216 | D:2      | Gained mutation: You are partially covered in rugged brown
                  | scales. (AC +1, +3% HP) [demonic ancestry]
  1216 | D:2      | Reached XP level 4. HP: 27/36 MP: 4/4
  1785 | D:3      | Gained mutation: You have large cloven feet. [demonic
                  | ancestry]
  1785 | D:3      | Reached XP level 5. HP: 43/43 MP: 5/5
  1872 | D:3      | Reached skill level 3 in Long Blades
  2104 | D:3      | You fall into a shaft and drop 2 floors!
  2104 | D:5      | Entered Level 5 of the Dungeon
  2152 | D:5      | Reached skill level 1 in Dodging
  2390 | D:5      | Reached XP level 6. HP: 44/49 MP: 6/6
  2394 | D:5      | Reached * piety under Okawaru
  2563 | D:5      | Noticed Pikel
  2590 | D:5      | Killed Pikel
  2590 | D:5      | Reached ** piety under Okawaru
  2590 | D:5      | Reached *** piety under Okawaru
  2590 | D:5      | Reached skill level 4 in Long Blades
  2590 | D:5      | Reached XP level 7. HP: 29/55 MP: 7/7
  2784 | D:5      | Reached skill level 5 in Long Blades
  3011 | D:5      | Found a bloodstained altar of Trog.
  3017 | D:5      | Noticed Menkaure
  3023 | D:5      | Killed Menkaure
  3028 | D:5      | Gained mutation: You are mostly covered in rugged brown
                  | scales. (AC +2, +5% HP) [demonic ancestry]
  3028 | D:5      | Reached XP level 8. HP: 34/64 MP: 8/8
  3547 | D:5      | Got a heavily runed ring mail
  3558 | D:5      | Identified the +5 ring mail of Vlad {Rampage rPois rN+}
                  | (You found it on level 5 of the Dungeon)
  3584 | D:4      | Reached skill level 5 in Shields
  3597 | D:4      | Found a sacrificial altar of Ru.
  3798 | D:4      | Found a staircase to the Ecumenical Temple.
  3942 | D:4      | Found a blossoming altar of Fedhas.
  4425 | D:6      | Found a glowing golden altar of the Shining One.
  4514 | D:6      | Found a shadowy altar of Dithmenos.
  4575 | D:6      | Reached skill level 6 in Long Blades
  4634 | D:6      | Reached skill level 1 in Stealth
  4647 | D:6      | Reached **** piety under Okawaru
  5038 | D:6      | Reached skill level 7 in Long Blades
  5129 | D:6      | Reached XP level 9. HP: 66/70 MP: 9/9
  5646 | D:6      | Reached skill level 5 in Armour
  5658 | D:6      | Reached skill level 5 in Fighting
  6162 | D:8      | Found a sand-covered staircase.
  6306 | Ossuary  | Entered an ossuary
  6802 | D:8      | Noticed Prince Ribbit
  6809 | D:8      | Found a shimmering altar of Xom.
  6818 | D:8      | Killed Prince Ribbit
  6818 | D:8      | Reached ***** piety under Okawaru
  6818 | D:8      | Reached skill level 8 in Long Blades
  7124 | D:8      | Noticed an angel
  7127 | D:8      | Found a glowing silver altar of Zin.
  7501 | D:9      | Gained mutation: A weak demonic guardian rushes to your
                  | aid. [demonic ancestry]
  7501 | D:9      | Reached XP level 10. HP: 63/79 MP: 10/10
  7606 | D:9      | Found Ycwiss's Jewellery Shoppe.
  7617 | D:9      | Bought a cursed ring of attention for 58 gold pieces
  7617 | D:9      | Bought a cursed ring of teleportation for 58 gold pieces
  7809 | D:9      | Found Cuomyif's Distillery.
  7817 | D:9      | Bought a potion of invisibility for 112 gold pieces
  7817 | D:9      | Bought a potion of might for 56 gold pieces
  8246 | D:9      | Found a hazy altar of Hepliaklqana.
  8254 | D:9      | Found Miphyres's General Store.
  8335 | D:9      | Got a crude short sword
  8336 | D:9      | Identified the +1 short sword "Kunt" {drain, rC+ Int+3}
                  | (You found it on level 9 of the Dungeon)
  8421 | D:9      | Received a gift from Okawaru
  8444 | D:9      | Found a radiant altar of Vehumet.
  8784 | D:9      | Bought a potion of mutation for 112 gold pieces
  8819 | D:10     | Entered Level 10 of the Dungeon
  9013 | D:10     | Reached skill level 9 in Long Blades
  9386 | D:10     | Found a staircase to the Lair.
 10400 | D:11     | Found Jawneij's General Store.
 10405 | D:11     | Reached XP level 11. HP: 73/87 MP: 11/11
 10430 | D:11     | Reached skill level 10 in Long Blades
 10734 | D:11     | Noticed a six-headed hydra
 10743 | D:11     | Killed a six-headed hydra
 10848 | D:11     | Reached ****** piety under Okawaru
 10855 | D:11     | Noticed Maurice
 10867 | D:11     | Killed Maurice
 10867 | D:11     | Received a gift from Okawaru
 10867 | D:11     | Reached skill level 1 in Evocations
 11501 | D:11     | Found a staircase to the Orcish Mines.
 11953 | D:12     | Noticed a skeletal warrior
 11953 | D:12     | Noticed a skeletal warrior
 11954 | D:12     | Noticed a skeletal warrior
 11956 | D:12     | Noticed a skeletal warrior
 12035 | Lair:1   | Entered Level 1 of the Lair of Beasts
 12510 | Lair:1   | Reached skill level 5 in Dodging
 13369 | Lair:1   | Noticed an oklob plant
 13711 | Lair:2   | Noticed a four-headed hydra
 13725 | Lair:2   | Killed a four-headed hydra
 13896 | Lair:2   | Found a staircase to the Snake Pit.
 13938 | Lair:2   | Received a gift from Okawaru
 13951 | Lair:2   | Got a jewelled scimitar {god gift}
 13952 | Lair:2   | Identified the +9 scimitar "Ynolakok" {speed, Dex+3}
                  | (Okawaru gifted it to you on level 2 of the Lair of Beasts)
 14271 | Lair:2   | Reached XP level 12. HP: 94/96 MP: 12/12
 14671 | Lair:3   | Noticed a catoblepas
 14685 | Lair:3   | Killed a catoblepas
 14685 | Lair:3   | Reached skill level 11 in Long Blades
 15200 | Lair:3   | Noticed a catoblepas
 15219 | Lair:3   | Killed a catoblepas
 15219 | Lair:3   | Received a gift from Okawaru
 15597 | Lair:3   | Identified a scroll of acquirement
 15805 | Lair:4   | Found a staircase to the Shoals.
 15838 | Lair:4   | Noticed Nergalle
 15850 | Lair:4   | Killed Nergalle
 16215 | Lair:4   | Reached skill level 10 in Shields
 16363 | Lair:4   | Noticed a death yak
 16364 | Lair:4   | Noticed a death yak
 16369 | Lair:4   | Killed a death yak
 16369 | Lair:4   | Received a gift from Okawaru
 16370 | Lair:4   | Noticed a death yak
 16371 | Lair:4   | Noticed a death yak
 16372 | Lair:4   | Noticed a death yak
 16382 | Lair:4   | Killed a death yak
 16382 | Lair:4   | Reached skill level 12 in Long Blades
 16384 | Lair:4   | Killed a death yak
 16389 | Lair:4   | Killed a death yak
 16389 | Lair:4   | Reached XP level 13. HP: 35/105 MP: 13/13
 16392 | Lair:4   | HP: 5/105 [death yak (14)]
 18202 | D:13     | Received a gift from Okawaru
 18894 | D:13     | Received a gift from Okawaru
 18971 | D:13     | Reached skill level 13 in Long Blades
 18997 | D:13     | Found a gate to the Vaults.
 19028 | D:13     | Reached skill level 10 in Fighting
 19551 | Orc:1    | Entered Level 1 of the Orcish Mines
 19676 | Orc:2    | Entered Level 2 of the Orcish Mines
 19679 | Orc:2    | Found a staircase to the Elven Halls.
 19729 | Orc:2    | Found a frozen archway.
 19826 | IceCv    | Entered an ice cave
 20091 | IceCv    | Received a gift from Okawaru
 20128 | IceCv    | Gained mutation: You are mostly covered in sharp spines.
                  | [demonic ancestry]
 20128 | IceCv    | Reached XP level 14. HP: 115/115 MP: 14/14
 20615 | Orc:2    | Found a transporter.
 20682 | Orc:2    | Reached skill level 1 in Invocations
 20696 | Orc:2    | HP: 5/115 [orc warrior/bolt (5)]
 21332 | Orc:2    | Received a gift from Okawaru
 22025 | Orc:2    | Found Yrodduu's Jewellery Shop.
 22025 | Orc:2    | Found Mibrorgha's Distillery.
 22027 | Orc:2    | Found Niafuzesm's Magic Scroll Shoppe.
 22029 | Orc:2    | Found Nerif's Armour Boutique.
 22036 | Orc:2    | Bought a potion of haste for 160 gold pieces
 22036 | Orc:2    | Bought a potion of might for 64 gold pieces
 22036 | Orc:2    | Bought a potion of might for 64 gold pieces
 22038 | Orc:2    | Bought a scroll of holy word for 82 gold pieces
 22038 | Orc:2    | Bought a scroll of magic mapping for 38 gold pieces
 22038 | Orc:2    | Bought a scroll of magic mapping for 38 gold pieces
 22038 | Orc:2    | Bought a scroll of noise for 11 gold pieces
 22038 | Orc:2    | Bought a scroll of remove curse for 33 gold pieces
 22116 | Orc:2    | Noticed Nessos
 22125 | Orc:2    | Killed Nessos
 22133 | Orc:2    | Noticed a stone giant
 22140 | Orc:2    | HP: 5/116 [stone giant (35)]
 22145 | Orc:2    | HP: 4/116 [stone giant (25)]
 22148 | Orc:2    | Killed a stone giant
 22628 | Orc:2    | Found a transporter.
 22629 | Orc:2    | Noticed fly's ghost (journeyman TrDe)
 22951 | Orc:2    | Killed fly's ghost
 23155 | Orc:1    | Was placed under penance by Okawaru
 23592 | Orc:1    | Reached skill level 14 in Long Blades
 23724 | Orc:1    | Was forgiven by Okawaru
 24263 | D:14     | Received a gift from Okawaru
 25048 | D:15     | Entered Level 15 of the Dungeon
 25054 | D:15     | Reached skill level 5 in Stealth
 25073 | D:15     | Received a gift from Okawaru
 25191 | D:15     | Found a staircase to the Depths.
 25340 | D:15     | Gained mutation: You have hoof-like feet. [demonic
                  | ancestry]
 25340 | D:15     | Reached XP level 15. HP: 124/124 MP: 15/15
 25972 | D:15     | Received a gift from Okawaru
 26895 | D:15     | Got a fine trident
 27069 | D:15     | Received a gift from Okawaru
 27407 | D:15     | Got a twisted plate armour {god gift}
 27418 | D:15     | Identified the +9 plate armour of Okawaru's Reproof
                  | {*Corrode MR+ Dex+7} (Okawaru gifted it to you on level 15
                  | of the Dungeon)
 27824 | D:15     | Got an ebony hand crossbow
 27825 | D:15     | Identified the +6 hand crossbow of Contradiction {venom,
                  | +Fly} (You found it on level 15 of the Dungeon)
 27827 | D:15     | Identified the +10 trident of Internal Strife {elec, rPois
                  | Str+2} (You found it on level 15 of the Dungeon)
 28110 | Lair:5   | Got a slimy plate armour
 28234 | Lair:5   | Found a viscous altar of Jiyva.
 28234 | Lair:5   | Found a staircase to the Slime Pits.
 28622 | Lair:5   | Found a runed translucent door.
 28622 | Lair:5   | Noticed nojaa's ghost (journeyman HOAK)
 28985 | Lair:5   | Reached skill level 15 in Long Blades
 29076 | Lair:5   | Killed nojaa's ghost
 29116 | Lair:6   | Entered Level 6 of the Lair of Beasts
 29198 | Lair:6   | Received a gift from Okawaru
 29256 | Lair:6   | Identified the +7 plate armour of Glamorous Leaves {rElec
                  | rF- Regen+ Str+4} (You found it on level 5 of the Lair of
                  | Beasts)
 30019 | Lair:6   | Was placed under penance by Okawaru
 30063 | Lair:6   | Gained mutation: You have hooves in place of feet. [demonic
                  | ancestry]
 30063 | Lair:6   | Reached XP level 16. HP: 135/135 MP: 17/17
 30390 | Lair:6   | Got a transparent quarterstaff
 30421 | Lair:6   | Was forgiven by Okawaru
 31784 | Elf:1    | Entered Level 1 of the Elven Halls
 32548 | Elf:1    | Received a gift from Okawaru
 32652 | Elf:1    | Reached skill level 10 in Armour
 33217 | Elf:1    | Identified the Collected Works on Battle Magic and
                  | Companions
 33966 | Elf:2    | Received a gift from Okawaru
 34116 | Elf:2    | Found a runed translucent gate.
 34116 | Elf:2    | Found a runed translucent gate.
 34117 | Elf:2    | Found a runed translucent gate.
 34897 | Elf:2    | Received a gift from Okawaru
 35071 | Elf:3    | Entered Level 3 of the Elven Halls
 35083 | Elf:3    | Found Xittun's Antique Armour Shop.
 35120 | Elf:3    | Found a shimmering blue altar of Sif Muna.
 35147 | Elf:3    | Gained mutation: You are completely covered in sharp
                  | spines. [demonic ancestry]
 35147 | Elf:3    | Reached XP level 17. HP: 64/144 MP: 18/18
 35158 | Elf:3    | Received a gift from Okawaru
 35162 | Elf:3    | Got a pair of smoking gloves {god gift}
 35193 | Elf:3    | Identified the +2 pair of gloves of Absolutism {rF+ SInv
                  | Stlth+} (Okawaru gifted it to you on level 3 of the Elven
                  | Halls)
 35493 | Elf:3    | Noticed Roxanne
 35521 | Elf:3    | Killed Roxanne
 35601 | Elf:3    | Found Tizuesm's Assorted Antiques.
 35608 | Elf:3    | Acquired 440 gold pieces
 35613 | Elf:3    | Bought a scroll of acquirement for 1612 gold pieces
 35615 | Elf:3    | Bought a scroll of identify for 62 gold pieces
 35628 | Elf:3    | Bought a runed tower shield for 232 gold pieces
 35635 | Elf:3    | Bought a fizzy ruby potion for 27 gold pieces
 35635 | Elf:3    | Bought 2 potions of mutation for 496 gold pieces
 35695 | Elf:3    | Found Emmaemm's General Store.
 35704 | Elf:3    | Bought a scroll of magic mapping for 56 gold pieces
 36844 | Elf:3    | Identified the ring "Keagoaf" {*Tele rElec rN+++ Int-5}
 36994 | Elf:3    | Identified the +3 great sword of No Interval {vorpal, rElec
                  | Stlth+}
 37001 | Elf:3    | Reached skill level 16 in Long Blades
 37016 | Elf:3    | Identified the +2 demon trident of Gallantry {elec, rC+++
                  | MR+ Int+3 Dex-5}
 37019 | Elf:3    | Noticed a Hell Sentinel
 37025 | Elf:3    | Noticed a Brimstone Fiend
 37030 | Elf:3    | Received a gift from Okawaru
 37037 | Elf:3    | Killed from afar by a deep elf annihilator

Illustrated notes

Levels and vault maps discovered:
D:1:      minmay_arrival_solitary_statue, layout_rooms
D:2:      layout_basic, lemuel_crystal_altar, grunt_temple_overflow_open,
          minmay_small_reverse_x, uniq_terence
D:3:      layout_rooms, kennysheep_doodads
D:4:      layout_basic, kennysheep_mini_moat, minmay_temple_entry_mist,
          lemuel_tele_altar
D:5:      layout_gridville, bloody_trog, minmay_chambers_of_fives, uniq_pikel,
          uniq_menkaure
D:6:      layout_loops_cross, nicolae_tso_besieged_by_evil, old_standard_altar
D:7:      layout_cave_pools
D:8:      layout_basic, grunt_temple_overflow_order_and_chaos_1,
          enter_ossuary_3, moated_statue, minmay_misc_feat_room,
          uniq_prince_ribbit1
D:9:      layout_long_grid, marbit_many_paths, lemuel_crystal_altar,
          serial_shops, nicolae_shop_trees, shop, shop, kb_lookout_dungeons_type
D:10:     layout_stronghold, david_lair_shrubbed
D:11:     layout_rooms, zombieorc2_lemuel, serial_shops, shop, uniq_maurice
D:12:     layout_rooms, serial_rivers, chequers_serial_rivers_large_a,
          chequers_serial_rivers_room_a, chequers_serial_rivers_micro_c,
          chequers_serial_rivers_room_b
D:13:     layout_rooms, lightli_vaults_fourway_checkpoint
D:14:     layout_loops_corners
D:15:     grunt_enter_depths_snipers, layout_cave_pods, serial_glass,
          glass_columns_a, glass_columns_b, feat_on_display,
          due_unseen_surprise, feat_on_display, nicolae_benzene_ring,
          hangedman_decor_riveting, hangedman_abyss_or_decor_jellyfish_corner,
          billiards_dpeg
Lair:1:   layout_loops_ring, infiniplex_staircase_pool_2,
          minmay_lair_oklob_chamber, grunt_megastairs_5, serial_bayou_shore_b
Lair:2:   layout_chaotic_city, minmay_snake_entry_spellcaster,
          grunt_megastairs_4
Lair:3:   layout_roguey, serial_bayou_shore_a
Lair:4:   cheibrodos_lair_overgrown_chateau, layout_big_grid,
          minmay_shoals_entry_lonely_mermaid, uniq_nergalle
Lair:5:   lemuel_reptile_caves, layout_cave_shapes, slime_altar_1,
          hellmonk_ghost_happy_afterlife
Lair:6:   guppyfry_lair_end_dragon, layout_cave_shapes,
          hangedman_lair_tendril_chambers
Orc:1:    nicolae_orc_accident_1, layout_caves
Orc:2:    st_orc_rangers, layout_caves,
          portal_ice_cave_entry_animals_and_master,
          gammafunk_ghost_berserking_beasts, uniq_nessos
Elf:1:    minmay_elf_arrival_circle, layout_onion_city, minmay_elf_sorcery,
          drop_trap
Elf:2:    layout_onion_city
Elf:3:    minmay_elf_hall_not_hex, layout_geoelf_diagonals, serial_shops,
          nicolae_shop_waterfront, nicolae_shop_crystal,
          nicolae_shop_statue_plus, corexii_checkpoint_a, minivault_24,
          guppyfry_elf_altar, uniq_roxanne

Skill      XL: |  1  2  3  4  5  6  7  8  9 10 11 12 13 14 15 16 17 |
---------------+----------------------------------------------------+-----
Long Blades    | 2 3 4 5 7 8 9 10 12 13 14 15 16 | 16.0
Armour         | 3 4 5 6 7 8 9 10 | 10.9
Shields        | 3 4 6 7 8 9 10 11 12 13 14 | 14.4
Dodging        | 1 2 3 4 5 7 8 9 |  9.2
Fighting       | 4 5 6 7 8 10 11 12 13 14 | 14.2
Stealth        | 1 2 3 4 5 6 |  6.7
Evocations     | 1 2 |  2.4
Invocations    | 1 2 |  2.3
Maces & Flails | |  0.6

Action                   |  1- 3 |  4- 6 |  7- 9 | 10-12 | 13-15 | 16-18 || total
-------------------------+-------+-------+-------+-------+-------+-------++-------
Melee: Long sword        |    69 |   146 |   405 |   431 |       |       ||  1051
       Kick              |       |    28 |   187 |   382 |     7 |   357 ||   961
       Scimitar          |       |       |       |   225 |  1440 |   635 ||  2300
       Whip              |       |       |       |       |     9 |       ||     9
Invok: Heroism           |       |       |     1 |     1 |     9 |     3 ||    14
Evoke: Wand              |       |       |     6 |    15 |     6 |       ||    27
  Use: Potion            |     1 |     3 |       |       |     7 |     3 ||    14
       Scroll            |       |       |     8 |     7 |     9 |     7 ||    31
 Stab: Sleeping          |       |       |     1 |     1 |     7 |       ||     9
       Distracted        |       |       |       |     5 |    18 |     7 ||    30
       Petrified         |       |       |       |       |     1 |       ||     1
Armor: Scale mail        |     9 |       |       |       |       |       ||     9
       Chain mail        |    24 |    80 |     1 |       |       |       ||   105
       Ring mail         |       |       |   124 |   179 |   202 |       ||   505
       Ice dragon scales |       |       |       |       |    10 |       ||    10
       Plate armour      |       |       |       |       |    93 |   157 ||   250
Dodge: Dodged            |    25 |    24 |   137 |   258 |   536 |   166 ||  1146
Block: Kite shield       |    46 |    83 |   248 |   381 |   745 |   219 ||  1722
       Tower shield      |       |       |       |       |       |    95 ||    95
       Rpst.: Long sword |    11 |    10 |    45 |    57 |       |       ||   123
       Scimitar          |       |       |       |    23 |   121 |    42 ||   186

Table legend: (Time is in decaauts)
 A = Elapsed time spent in this place.
 B = Non-inter-level travel time spent in this place.
 C = Inter-level travel time spent in this place.
 D = Time resting spent in this place.
 E = Time spent auto-exploring this place.
 F = Levels seen in this place.
 G = Mean time per level.
                   A        B        C        D        E       F      G
               +--------+--------+--------+--------+--------+-----+--------+
         Total |  36168 |  34410 |   1758 |   4918 |  21064 |  28 | 1291.7 |
       Dungeon |  17814 |  16999 |    815 |   2053 |  10988 |  15 | 1187.6 |
          Lair |   8700 |   7898 |    802 |    348 |   5876 |   6 | 1450.0 |
  Orcish Mines |   3623 |   3525 |     98 |   1490 |   1095 |   2 | 1811.5 |
   Elven Halls |   4840 |   4798 |     42 |   1027 |   2386 |   3 | 1613.3 |
       Ossuary |    482 |    482 |      0 |      0 |    164 |   1 |  482.0 |
      Ice Cave |    706 |    706 |      0 |      0 |    555 |   1 |  706.0 |
               +--------+--------+--------+--------+--------+-----+--------+

Top non-repeatable levels by time:
    D:10: 2472 daAuts
    D:15: 2157 daAuts
   Elf:1: 1948 daAuts
   Orc:2: 1884 daAuts
  Lair:1: 1870 daAuts
   Elf:3: 1860 daAuts
  Lair:6: 1803 daAuts
   Orc:1: 1739 daAuts
  Lair:4: 1629 daAuts
     D:5: 1563 daAuts
    D:14: 1380 daAuts
     D:9: 1356 daAuts
     D:6: 1313 daAuts
    D:11: 1297 daAuts
  Lair:5: 1283 daAuts
